 Dungeon Crawl Stone Soup version 0.15.1-3-g1b33baa (webtiles) character file.

19463 Johnny the Basher (level 13, 0/103 HPs)
             Began as a Human Berserker on Oct 3, 2014.
             Was a Priest of Trog.
             Succumbed to a spiny frog's poison
             ... on Level 1 of the Lair of Beasts.
             The game lasted 00:38:11 (12900 turns).

Johnny the Basher (Human Berserker)                Turns: 12900, Time: 00:38:11

HP   0/103       AC 22     Str 18      XL: 13   Next:  4%
MP   8/25        EV  4     Int 13      God: Trog [***...]
Gold 545         SH  0     Dex 22      Spells:  0 memorised, 12 levels left

rFire  . . .     SeeInvis .     v - +10 hand axe "Bregreff" {chop, Dex+4}
rCold  . . .     Clarity  .     N - +3 plate armour {MR+} (curse)
rNeg   . . .     rCorr    .     (no shield)
rPois  .         rRot     .     y - +1 hat
rElec  .         Spirit   +     (no cloak)
SustAb +         Warding  .     e - +2 pair of gloves {Dex+3}
rMut   .         Stasis   .     (no boots)
Gourm  .                        x - amulet of guardian spirit
MR     +++..                    g - +5 ring of protection
                                I - ring of sustain abilities

@: brilliant, lethally poisoned, very slightly contaminated, starving,
regenerating, hasted, very heavily drained, very quick, extremely resistant to
hostile enchantments, extremely unstealthy
A: fangs 1, clumsy 1, screaming 1
a: Burn Spellbooks, Berserk, Trog's Hand, Renounce Religion


You were on level 1 of the Lair of Beasts.
You worshipped Trog.
Trog was most pleased with you.
You were starving.

You visited 2 branches of the dungeon, and saw 14 of its levels.

You collected 1130 gold pieces.
You spent 585 gold pieces at shops.

Inventory:

Hand weapons
 a - a +0 mace of protection
 p - a +0 great mace
 v - the +10 hand axe "Bregreff" (weapon) {chop, Dex+4}
   (You found it on level 4 of the Dungeon)

   It inflicts extra damage upon your enemies.
   It affects your dexterity (+4).
 E - a +3 antimagic bastard sword
 L - a +3 antimagic great mace
 O - a +2 mace of draining
Missiles
 b - 6 tomahawks of returning (quivered)
Armour
 e - a +2 pair of gloves of dexterity (worn)
 w - a +0 shield
 y - a +1 hat (worn)
 N - a cursed +3 plate armour of magic resistance (worn)
Magical devices
 s - a wand of random effects (5)
 t - a wand of slowing (9)
 u - a wand of flame (13)
 J - a wand of cold (0)
Comestibles
 c - 14 bread rations
 h - 4 meat rations
Scrolls
 d - 8 scrolls of remove curse
 f - 2 scrolls of noise
 i - 3 scrolls of enchant weapon
 k - 2 scrolls of fog
 q - 3 scrolls of teleportation
 z - a scroll of blinking
 C - a scroll of recharging
 D - a scroll of summoning
 K - 2 scrolls of magic mapping
 M - a scroll of holy word
 Q - a scroll of torment
 S - a scroll of immolation {unknown}
 U - a scroll of fear {unknown}
Jewellery
 g - a +5 ring of protection (right hand)
 n - an uncursed ring of stealth
 r - an uncursed ring of teleport control
 x - an amulet of guardian spirit (around neck)
 I - a ring of sustain abilities (left hand)
 R - an uncursed amulet of rage
Potions
 j - a potion of cancellation
 l - 2 potions of resistance
 m - a potion of poison
 o - a potion of might
 A - 2 potions of restore abilities
 F - 2 potions of agility
 P - 3 potions of brilliance


   Skills:
 * Level 9.8(0.9) Fighting
 * Level 10.1(1.2) Maces & Flails
 * Level 9.4(0.7) Armour
 * Level 9.6(0.8) Dodging
 + Level 4.6(0.0) Shields
 * Level 8.3(0.0) Evocations


You had 12 spell levels left.
You didn't know any spells.

Dungeon Overview and Level Annotations

Branches:
Dungeon (13/15)            Temple (0/1) D:6             Orc (0/4) D:10
   Lair (1/8) D:10         Vaults (0/5) D:13

Altars:
Dithmenos
Fedhas
Kikubaaqudgha
Makhleb
Nemelex Xobeh
Sif Muna
Trog
Xom
Yredelemnul
The Shining One
Beogh

Shops:
D:10 [(   D:11 }

Annotations:
Lair:1 Gastronok


Innate Abilities, Weirdness & Mutations

You have very sharp teeth.
You are clumsy. (Dex -2)
You occasionally shout uncontrollably at your foes.


Message History

* * * LOW HITPOINT WARNING * * *
You feel very sick.
* * * LOW HITPOINT WARNING * * *
You feel very sick.
Drink which item? (? for menu, Esc to quit)
You feel clever all of a sudden.
It was a potion of brilliance.
You feel the effects of Trog's Hand fading.
* * * LOW HITPOINT WARNING * * *
You feel very sick.
The spiny frog stings you but does no damage.
Drink which item? (? for menu, Esc to quit)
You feel yourself speed up.
It was a potion of haste.
* * * LOW HITPOINT WARNING * * *
You feel very sick.
You are very lightly contaminated with residual magic.
Drink which item? (? for menu, Esc to quit)
There was something very wrong with that liquid!
You feel dopey for a moment.
It was a potion of degeneration.
You die...

..........###..............###
............................##
....).............>..........###
...............................#
.............................###
.......<....................##
..............._...........##
..........................## ##
................@.......≈#≈P♣♣♣P♣
................F.....♣≈P♣♣♣♣P≈♣♣
.....................P♣♣♣≈≈≈P≈P≈≈
...................≈P♣≈≈≈≈≈P≈≈P≈≈
..................♣≈≈≈≈≈≈≈≈≈≈≈≈≈≈
.................≈♣≈≈♣PP≈≈≈≈≈≈≈≈≈
..........(.....≈♣≈≈≈≈≈≈≈≈≈≈≈≈≈≈≈
................♣♣≈≈≈≈≈≈≈≈≈≈≈≈≈≈≈
................♣≈≈≈≈♣≈P≈≈≈≈≈≈≈≈≈


You could see a spiny frog.

Vanquished Creatures
  A hydra (D:13)
  A centaur warrior (D:13)
  A tengu warrior (D:13)
  Nergalle (Lair:1)
  Erolcha (D:8)
  2 hill giants
  A griffon (D:11)
  A black mamba (Lair:1)
  The ghost of Johnny the Chiller, an experienced DgIE (D:6)
  A gargoyle (D:12)
  A kobold demonologist (D:13)
  Psyche (D:13)
  2 centaur skeletons (D:11)
  2 tengu conjurers (D:13)
  2 trolls
  Sonja (D:13)
  2 two-headed ogres (D:13)
  3 ravens (D:13)
  4 vampires (D:13)
  A trapdoor spider (D:12)
  A hill giant zombie (D:11)
  2 wyverns (D:13)
  6 yaks (D:11)
  A wraith (D:13)
  Grum (D:13)
  A hippogriff (D:8)
  A water moccasin (Lair:1)
  3 hungry ghosts
  A soldier ant (D:13)
  3 wolves (D:13)
  4 black bears
  3 ogres
  A porcupine (Lair:1)
  5 orc warriors
  The ghost of Johnny the Chiller, an average DgIE (D:4)
  16 centaurs
  7 sky beasts
  A big kobold (D:12)
  5 giant frogs
  A cyclops skeleton (D:9)
  2 scorpions
  22 killer bees
  8 wights
  A hippogriff zombie (D:10)
  2 eyes of draining
  A troll skeleton (D:11)
  A spriggan skeleton (D:11)
  An electric eel (Lair:1)
  3 quasits
  4 crimson imps
  2 goliath beetles (D:8)
  A jelly (D:11)
  12 orc priests
  9 iguanas
  8 orc wizards
  An iron imp (D:13)
  5 hounds
  7 worker ants
  Ijyb (D:7)
  2 hound zombies
  3 ogre skeletons
  A hound skeleton (D:7)
  A mummy (D:13)
  10 adders
  4 gnolls (D:8)
  3 shadow imps
  An inept feature mimic (D:6)
  5 worms
  An adder skeleton (D:9)
  An iguana zombie (Lair:1)
  5 giant geckos
  An ooze (D:2)
  59 orcs
  19 bats
  6 giant cockroaches
  A giant mite zombie (D:6)
  10 goblins
  18 hobgoblins
  12 jackals
  7 quokkas
  2 ball pythons
  A giant gecko skeleton (D:4)
  5 giant newts
  A hobgoblin skeleton (D:8)
  22 kobolds
  A kobold skeleton (D:8)
  A kobold zombie (D:5)
  12 rats
  A spectral orc (Lair:1)
  18 ballistomycetes
419 creatures vanquished.

Vanquished Creatures (collateral kills)
  An orc knight (D:10)
  A wyvern (D:9)
  An orc warrior (D:10)
  A black bear (D:9)
  2 orcs (D:10)
6 creatures vanquished.

Vanquished Creatures (others)
  2 ravens (D:13)
  2 giant frogs (D:10)
  A bat (D:10)
  2 giant spores
  A plant (Lair:1)
8 creatures vanquished.

Grand Total: 433 creatures vanquished

Notes
Turn   | Place    | Note
--------------------------------------------------------------
     0 | D:1      | Johnny, the Human Berserker, began the quest for the Orb.
     0 | D:1      | Reached XP level 1. HP: 18/18 MP: 1/1
   231 | D:1      | Reached XP level 2. HP: 22/24 MP: 2/2
   516 | D:1      | Reached XP level 3. HP: 22/29 MP: 3/3
   517 | D:1      | Acquired Trog's second power
   946 | D:2      | Reached XP level 4. HP: 13/35 MP: 4/4
  1425 | D:2      | Found a shimmering altar of Xom.
  1864 | D:3      | Reached XP level 5. HP: 35/41 MP: 5/5
  2279 | D:3      | Found a burning altar of Makhleb.
  2376 | D:3      | Noticed a centaur
  2399 | D:3      | Killed a centaur
  2399 | D:3      | Reached skill level 4 in Maces & Flails
  2399 | D:3      | Reached XP level 6. HP: 19/48 MP: 6/6
  2669 | D:4      | Noticed Johnny's ghost (average DgIE)
  2682 | D:4      | Killed Johnny's ghost
  2695 | D:4      | Acquired Trog's third power
  2743 | D:4      | Reached XP level 7. HP: 51/54 MP: 7/7
  2859 | D:4      | Found an ancient bone altar of Kikubaaqudgha.
  2959 | D:4      | Found a sparkling altar of Nemelex Xobeh.
  3079 | D:4      | Got a twisted hand axe
  3080 | D:4      | Identified the +10 hand axe "Bregreff" {chop, Dex+4} (You found it on level 4 of the Dungeon)
  3247 | D:5      | Entered Level 5 of the Dungeon
  3305 | D:5      | Reached skill level 5 in Maces & Flails
  3540 | D:5      | Found a shadowy altar of Dithmenos.
  4489 | D:6      | Reached XP level 8. HP: 61/61 MP: 7/9
  4498 | D:6      | Reached skill level 1 in Evocations
  4510 | D:6      | Reached skill level 5 in Fighting
  4601 | D:6      | Noticed Johnny's ghost (experienced DgIE)
  4617 | D:6      | Killed Johnny's ghost
  4617 | D:6      | Reached skill level 5 in Armour
  4617 | D:6      | Reached skill level 5 in Dodging
  4859 | D:6      | Found a staircase to the Ecumenical Temple.
  4870 | D:6      | Reached skill level 6 in Maces & Flails
  5062 | D:6      | Found a basalt altar of Yredelemnul.
  5222 | D:7      | Found a blossoming altar of Fedhas.
  5235 | D:7      | Reached XP level 9. HP: 62/68 MP: 10/12
  5646 | D:7      | Noticed Ijyb
  5658 | D:7      | Killed Ijyb
  5825 | D:7      | Found a glowing golden altar of the Shining One.
  6388 | D:8      | Received a gift from Trog
  6544 | D:8      | Noticed Erolcha
  6556 | D:8      | Killed Erolcha
  6556 | D:8      | Reached skill level 7 in Maces & Flails
  6556 | D:8      | Reached XP level 10. HP: 59/77 MP: 6/16
  7804 | D:9      | Reached skill level 1 in Shields
  7859 | D:9      | Found a bloodstained altar of Trog.
  7981 | D:9      | Found a deep blue altar of Sif Muna.
  8124 | D:9      | Reached skill level 8 in Maces & Flails
  8160 | D:10     | Entered Level 10 of the Dungeon
  8164 | D:10     | Found a staircase to the Lair.
  8182 | D:10     | Found a staircase to the Orcish Mines.
  8183 | D:10     | Found Twyl's Weapon Boutique.
  8184 | D:10     | Found Dyaptown's Armour Boutique.
  8186 | D:10     | Noticed an orc knight
  8211 | D:10     | Killed an orc knight
  8211 | D:10     | Reached skill level 5 in Evocations
  8211 | D:10     | Reached XP level 11. HP: 20/84 MP: 4/19
  8316 | D:10     | Bought a +3 plate armour of magic resistance for 585 gold pieces
  8749 | D:10     | Identified a scroll of acquirement
  9053 | D:11     | Noticed a griffon
  9055 | D:11     | Found Lifogri's Gadget Emporium.
  9067 | D:11     | Killed a griffon
  9552 | D:12     | Found a deep blue altar of Sif Muna.
  9613 | D:12     | Reached skill level 9 in Maces & Flails
  9658 | D:12     | Received a gift from Trog
 10200 | D:12     | HP: 1/87 [orc priest/divine providence (13)]
 10284 | D:12     | Found a roughly hewn altar of Beogh.
 10345 | D:12     | Noticed a hill giant
 10356 | D:12     | Killed a hill giant
 10366 | D:12     | Received a gift from Trog
 10418 | D:13     | Noticed Grum
 10431 | D:13     | Killed Grum
 10441 | D:13     | Reached XP level 12. HP: 43/94 MP: 3/22
 10530 | D:13     | Noticed a centaur warrior
 10541 | D:13     | Killed a centaur warrior
 10604 | D:13     | HP: 6/142 [troll (2)]
 10633 | D:13     | Noticed Psyche
 10649 | D:13     | Noticed Sonja
 10649 | D:13     | Noticed a tengu warrior
 10649 | D:13     | Paralysed by Psyche for 4 turns
 11123 | D:13     | Noticed a four-headed hydra
 11135 | D:13     | Killed a four-headed hydra
 11182 | D:13     | Killed a tengu warrior
 11318 | D:13     | Killed Psyche
 11455 | D:13     | Noticed a hill giant
 11562 | D:13     | Killed a hill giant
 11566 | D:13     | Found a gate to the Vaults.
 11727 | D:13     | Gained mutation: You occasionally shout uncontrollably at your foes. [a neqoxec]
 11729 | D:13     | Gained mutation: You are clumsy. (Dex -2) [a neqoxec]
 11730 | D:13     | Reached skill level 10 in Maces & Flails
 11836 | D:13     | Killed Sonja
 12170 | Lair:1   | Entered Level 1 of the Lair of Beasts
 12170 | Lair:1   | Found a burning altar of Makhleb.
 12197 | Lair:1   | Noticed Nergalle
 12347 | Lair:1   | Killed Nergalle
 12347 | Lair:1   | Reached XP level 13. HP: 103/103 MP: 17/24
 12425 | Lair:1   | Noticed Gastronok
 12465 | Lair:1   | Gained mutation: You have very sharp teeth. [potion of beneficial mutation]
 12897 | Lair:1   | HP: 4/103 [poisoned by a spiny frog]
 12899 | Lair:1   | HP: 1/103 [poisoned by a spiny frog]
 12900 | Lair:1   | Succumbed to a spiny frog's poison

Action                   |  1- 3 |  4- 6 |  7- 9 | 10-12 | 13-15 || total
-------------------------+-------+-------+-------+-------+-------++-------
Melee: Mace              |   107 |   239 |    70 |    88 |    36 ||   540
       Hand axe          |       |       |   239 |   348 |    30 ||   617
       Great mace        |       |       |       |   474 |    21 ||   495
Invok: Berserk           |     2 |     5 |     4 |    14 |     1 ||    26
       Trog's Hand       |       |     1 |     3 |    29 |    10 ||    43
Evoke: Wand              |       |       |     1 |     5 |    11 ||    17
  Use: Potion            |       |       |       |     7 |     9 ||    16
       Scroll            |       |       |       |    25 |     1 ||    26
 Stab: Sleeping          |       |       |     2 |     2 |       ||     4
       Invisible         |       |       |       |     2 |     2 ||     4
  Eat: Fruit             |     1 |     2 |     3 |     4 |       ||    10
       Chunk             |       |    10 |     8 |    17 |       ||    35
       Pizza             |       |       |     2 |       |     1 ||     3
       Meat ration       |       |       |     1 |     4 |       ||     5
       Beef jerky        |       |       |     1 |       |       ||     1
